Cogmind - Beta 10.2 @@@ ROGUE MODE // 2020.12.29 @ 11:06:25 Player: Cassie Rose Result: Self-destructed Performance ------------- Evolutions (1) 500 Regions Visited (2) 400 Robots Destroyed (42) 210 Value Destroyed (1063) 1063 Prototype IDs (0) 0 Alien Tech Used (0) 0 Bonus (0) 0 TOTAL SCORE: 2173 Bonus ------- None Cogmind --------- Core Integrity 167/400 Matter 260/300 Energy 89/100 System Corruption 1% Temperature Cool (24) Movement Core (300) Ox5 Location -9/Materials Parts ------- > --- POWER (2) -------- (None) > --- PROPULSION (3) --- (None) > --- UTILITY (2) ------ Large Storage Unit Signal Interpreter > --- WEAPON (2) ------- (None) > --- INVENTORY (10) --- Aluminum Leg Heat Sink Improved Heat Sink Signal Interpreter Signal Interpreter Improved Terrain Scanner Improved Targeting Computer Medium Armor Plating Medium Armor Plating Peak State ------------ > --- POWER ------------ Ion Engine > --- PROPULSION ------- Aluminum Leg Aluminum Leg > --- UTILITY ---------- Large Storage Unit Improved Terrain Scanner > --- WEAPON ----------- Small Laser Small Laser > --- INVENTORY -------- Ion Engine Heat Sink Improved Heat Sink Signal Interpreter Signal Interpreter Assault Rifle Assault Rifle Grenade Launcher [Rating: 9] Favorites ----------- Power Ion Engine Engine Ion Engine Propulsion Aluminum Leg Leg Aluminum Leg Utility Large Storage Unit Device Improved Terrain Scanner Storage Large Storage Unit Processor Signal Interpreter Weapon Small Laser Energy Gun Small Laser Ballistic Gun Assault Rifle Launcher Grenade Launcher Build | -11 -10 -9 ------- Run | Scr Mat Mat Slots Evolved 2 | . . 2 Power 1 | . . 1 Propulsion 1 | . . 1 Utility . | . . . Weapon . | . . . Parts Attached 30 | 6 19 5 Power 3 | 1 1 1 Engine 3 | 1 1 1 Core . | . . . Reactor . | . . . Propulsion 11 | 2 7 2 Treads . | . . . Leg 11 | 2 7 2 Wheel . | . . . Hover . | . . . Flight . | . . . Utility 4 | 1 3 . Device 1 | . 1 . Storage 2 | 1 1 . Processor 1 | . 1 . Hackware . | . . . Protection . | . . . Artifact . | . . . Weapon 12 | 2 8 2 Energy Gun 6 | . 6 . Energy Cannon . | . . . Ballistic Gun 5 | 2 2 1 Ballistic Cannon . | . . . Launcher 1 | . . 1 Special Weapon . | . . . Impact Weapon . | . . . Slashing Weapon . | . . . Piercing Weapon . | . . . Special Melee Weapon . | . . . Unidentified Prototypes . | . . . Parts Lost 13 | . 3 10 Power 2 | . . 2 Propulsion 4 | . . 4 Utility . | . . . Weapon 7 | . 3 4 Highest Loss Streak 8 | . 2 8 Average Slot Usage (%) 94 | . 98 80 Engine 14 | . 14 17 Leg 26 | . 28 21 Device 5 | . 6 . Storage 13 | . 14 11 Processor 6 | . 5 11 Energy Gun 15 | . 18 6 Ballistic Gun 10 | . 10 13 Naked Turns . | . . . Heaviest Build 29 | 13 24 29 Greatest Support 30 | 20 20 30 Greatest Overweight (x) 2 | 1 1 2 Average Overweight (x) . | . . . Largest Inventory Capacity 10 | 6 10 10 Average Capacity 8 | 5 8 10 Most Carried 10 | 4 10 10 Average Carried 6 | 2 6 8 Final Capacity 10 | 6 10 10 Final Carried 9 | 2 8 9 Class Distribution -------------------- 75% | Mutant 24% | Scavenger-Mutant Dominant Class ---------------- Mutant | -10/Materials Scavenger-Mutant | -9/Materials Resources | -11 -10 -9 ----------- Run | Scr Mat Mat Matter Collected 897 | 288 451 158 Remotely . | . . . Salvage Created 1485 | 114 858 513 Parts 79 | 6 43 30 Haulers Intercepted 2 | . 1 1 Recyclers Shooed 2 | . 2 . Parts Field Recycled . | . . . Retrieved Matter . | . . . Parts Self-Destructed . | . . . Prevented . | . . . Kills | -11 -10 -9 ------- Run | Scr Mat Mat Combat Hostiles Destroyed 26 | . 16 10 Guns 23 | . 16 7 AOE 3 | . . 3 Classes Destroyed 9 | 3 3 3 Worker 4 | 1 1 2 Builder 2 | . . 2 Tunneler 3 | 2 1 . Hauler 2 | . 1 1 Recycler 3 | 1 1 1 Mechanic 1 | . . 1 Watcher 1 | . 1 . Grunt 25 | . 16 9 Sentry 1 | . . 1 Best Kill Streak 7 | 2 5 7 Combat Bots Only 7 | . 3 7 Max Kills in Single Turn 4 | 1 1 4 Gunslinging . | . . . Exploded 2 | . . 2 Melee . | . . . Uniques/NPCs Destroyed . | . . . Combat | -11 -10 -9 -------- Run | Scr Mat Mat Damage Taken 1780 | . 763 1017 Core 402 | . 169 233 Absorbed by Shields . | . . . Core Remaining (%) 66 | 100 32 . Volleys Fired 143 | 16 88 39 Largest 2 | 2 2 2 Hottest 80 | 40 80 60 Shots Fired 280 | 32 175 73 Gun 277 | 32 175 70 Cannon . | . . . Launcher 3 | . . 3 Special . | . . . Kinetic 155 | 32 67 56 Thermal 122 | . 108 14 Explosive 3 | . . 3 Electromagnetic . | . . . Robot Hit Streak 16 | 7 16 12 Robot Miss Streak 4 | 4 3 2 Penetration Max . | . . . Secondary Targets . | . . . Shots Hit Robots 199 | 17 124 58 Core Hits 82 | 5 45 32 Critical Hits 2 | . . 2 Critical Kills 1 | . . 1 Critical Parts Destroyed . | . . . Melee Attacks . | . . . Impact . | . . . Slashing . | . . . Piercing . | . . . Sneak Attacks . | . . . Combat Hostiles . | . . . Follow-up Attacks . | . . . Damage Inflicted 3108 | 205 1386 1517 Guns 2257 | 205 1386 666 Cannons . | . . . Explosions 851 | . . 851 Melee . | . . . Ramming . | . . . Kinetic 1336 | 205 599 532 Thermal 1107 | . 787 320 Explosive 665 | . . 665 Electromagnetic . | . . . Impact . | . . . Slashing . | . . . Piercing . | . . . Highest Corruption 2 | . 2 1 Average Corruption 1 | . 1 1 Corruption Purged . | . . . Effects 2 | . 1 1 Message Errors 1 | . 1 . Targeting Errors 1 | . . 1 Overload Shots . | . . . Overflow Damage 270 | . . 270 Projectiles . | . . . Explosions 270 | . . 270 Melee . | . . . Knockbacks . | . . . Impact . | . . . Kinetic . | . . . Secondary . | . . . Self-Inflicted Damage 257 | . . 257 Shots 5 | . . 5 Rammed . | . . . Targets Rammed . | . . . Kicked . | . . . Crushed . | . . . Highest Temperature 189 | . 189 78 Average Temperature 64 | . 73 29 Received Heat Transfer 774 | . 417 357 Siege Activations . | . . . Robots Corrupted . | . . . Combat Hostiles . | . . . Parts Fried . | . . . Impact Corruptions . | . . . Robots Melted . | . . . Combat Hostiles . | . . . Parts Melted 1 | . 1 . Heat Transferred 2150 | . 1750 400 Parts Sabotaged . | . . . Parts Stolen . | . . . Parts Stripped . | . . . Power Chain Reactions . | . . . Missiles Intercepted . | . . . Alert | -11 -10 -9 ------- Run | Scr Mat Mat Peak Influence 345 | 20 345 295 Initial 53 | . 13 53 Average 136 | 6 155 125 Maximum Alert Level 1 | . 1 1 Low Security (%) 81 | 100 80 75 Level 1 18 | . 19 24 Level 2 . | . . . Level 3 . | . . . Level 4 . | . . . Level 5 . | . . . High Security . | . . . Max Security . | . . . Squads Dispatched 6 | . 5 1 Investigation 2 | . 1 1 Extermination . | . . . Reinforcement 4 | . 4 . Assault . | . . . Garrison . | . . . Intercept . | . . . Construction Impeded . | . . . Haulers Reinforced . | . . . Stealth | -11 -10 -9 --------- Run | Scr Mat Mat Distress Signals 2 | . 1 1 Communications Jammed . | . . . Distress Signals . | . . . Times Spotted 43 | . 32 11 Peak Tracking Total 7 | . 4 7 Tactical Retreats 3 | . 3 . Traps | -11 -10 -9 ------- Run | Scr Mat Mat Traps Triggered 2 | . 2 . Indirectly . | . . . Trap Hack Attempts . | . . . Triggered . | . . . Disarmed . | . . . Reprogrammed . | . . . Reused . | . . . Traps Extracted . | . . . Installed . | . . . Triggered . | . . . Machines | -11 -10 -9 ---------- Run | Scr Mat Mat Machines Disabled 3 | . . 3 Max in Single Turn 2 | . . 2 Machines Sabotaged . | . . . Garrisons Compromised . | . . . Overloaded Fab Kills . | . . . Fab Network Shutdowns . | . . . Hacking | -11 -10 -9 --------- Run | Scr Mat Mat Machines Accessed 2 | . 1 1 Terminals 2 | . 1 1 Fabricators . | . . . Repair Stations . | . . . Recycling Units . | . . . Scanalyzers . | . . . Garrison Access . | . . . Total Hacks 6 | . 2 4 Successful . | . . . Failed 6 | . 2 4 Catastrophic 1 | . . 1 Database Lockouts . | . . . Manual 5 | . 1 4 Terminals 6 | . 2 4 Fabricators . | . . . Repair Stations . | . . . Recycling Units . | . . . Scanalyzers . | . . . Garrison Access . | . . . Terminal Hacks . | . . . Fabricator Hacks . | . . . Repair Station Hacks . | . . . Recycling Unit Hacks . | . . . Scanalyzer . | . . . Garrison Access Hacks . | . . . Unauthorized Hacks . | . . . Terminals . | . . . Fabricators . | . . . Repair Stations . | . . . Recycling Units . | . . . Scanalyzers . | . . . Garrison Access . | . . . Data Cores Recovered . | . . . Used . | . . . Hacking Detections 2 | . 1 1 Full Trace Events 2 | . 1 1 Feedback Events 1 | . . 1 Corruption 1 | . . 1 Feedback Blocked . | . . . Robot Schematics Acquired . | . . . Robots Built . | . . . Matter . | . . . Time . | . . . Total Robot Build Rating . | . . . Part Schematics Acquired . | . . . Parts Built . | . . . Matter . | . . . Time . | . . . Total Part Build Rating . | . . . Parts Repaired . | . . . Time . | . . . Parts Recycled . | . . . Recycled Matter . | . . . Retrieved Matter . | . . . Retrieved Components . | . . . Parts Scanalyzed . | . . . Part Schematics Acquired . | . . . Parts Damaged . | . . . Bothacking | -11 -10 -9 ------------ Run | Scr Mat Mat Used RIF Installer . | . . . Robots Hacked . | . . . Non-combat . | . . . Combat . | . . . Robot Hacks Applied . | . . . Relay Couplers Released . | . . . Robots Rewired . | . . . Allies Hacked . | . . . Hacks Repelled . | . . . Allies | -11 -10 -9 -------- Run | Scr Mat Mat Total Allies . | . . . Largest Group . | . . . Highest-Rated Group . | . . . Highest-Rated Ally . | . . . Total Orders . | . . . Ally Attacks . | . . . Total Damage . | . . . Kills . | . . . Allies Corrupted . | . . . Allies Melted . | . . . Intel | -11 -10 -9 ------- Run | Scr Mat Mat Robot Analysis Total . | . . . Derelict Logs Recovered . | . . . Drone Launches . | . . . Drone Recoveries . | . . . Exploration | -11 -10 -9 ------------- Run | Scr Mat Mat Turns Passed 1319 | 123 985 211 Spaces Moved 549 | 59 436 54 Core 18 | 18 . . Treads . | . . . Legs 531 | 41 436 54 Wheels . | . . . Hover . | . . . Flight . | . . . Fastest Speed 50 | 50 120 120 Average Speed 132 | 106 134 149 Slowest Speed 180 | 120 150 180 Overloaded Moves . | . . . Propulsion Burnouts . | . . . Robots Hopped . | . . . Cave-ins Triggered . | . . . Exploration Rate (%) 27 | 4 69 10 Regions Visited 2 Branch Regions . Pre-discovered Areas . | . . . Known Exits Taken 1 | . 1 . Unknown Exits Taken 1 | 1 . . Scrap Searched . | . . . Spaces Dug . | . . . Terrain Destroyed 59 | . . 59 Melee . | . . . Projectile . | . . . AOE 59 | . . 59 Terrain Rammed . | . . . Walls Destroyed . | . . . Machines Disabled . | . . . Actions | -11 -10 -9 --------- Run | Scr Mat Mat Total 856 | 87 659 110 Wait 95 | . 88 7 Move 547 | 58 435 54 Hop . | . . . Pick Up 30 | 7 18 5 Fast Attach 3 | 1 1 1 Attach 12 | 5 3 4 Detach . | . . . Swap 15 | . 15 . Drop 11 | . 11 . Fire 143 | 16 88 39 Melee . | . . . Ram . | . . . Kick . | . . . Crush . | . . . Escape Stasis . | . . . Rewire . | . . . Trap . | . . . Miscellaneous . | . . . Route ------- -11/Scrapyard -10/Materials (discovered 2 exits: *Mat x2) -9/Materials History --------- Turn | Location | Event 2 | -11/Scrapyard | Met Revision 17 26 | -11/Scrapyard | Discovered new exit (range 16) 124 | -11/Scrapyard | Entered Materials 306 | -10/Materials | Build established: Mutant 486 | -10/Materials | Core integrity fell below 50% 514 | -10/Materials | Discovered new exit (range 8) 946 | -10/Materials | Discovered new exit (range 9) 1043 | -10/Materials | Identified exit to Materials 1109 | -10/Materials | Entered another Materials area 1109 | -9/Materials | Evolved 2 slots: Power x1, Propulsion x1 1302 | -9/Materials | Destroyed 7 combat bots 1305 | -9/Materials | Core integrity fell below 50% 1320 | -9/Materials | Self-destructed Last Messages --------------- 01312_ Y-45 Defender destroyed. 01312_ G-34 Mercenary destroyed. 01313_ R-06 Scavenger collects Aluminum Leg. 01314_ Acquired 34 matter. 01316_ Acquired Aluminum Leg. 01318_ R-06 Scavenger collects Ion Engine. 01318_ Acquired 54 matter. 01320_ Fusion Modulator explodes. 01320_ Grenade Launcher destroyed. 01320_ Destroyed Grenade Launcher. 01320_ Aluminum Leg destroyed. 01320_ Destroyed Aluminum Leg. 01320_ Aluminum Leg destroyed. 01320_ Destroyed Aluminum Leg. 01320_ Destroyed Com. Wheel. 01320_ Destroyed Tractor Beam. 01320_ Fusion Modulator explodes. 01320_ Aluminum Leg destroyed. 01320_ Destroyed Aluminum Leg. 01320_ R-06 Scavenger destroyed. Map ----- +----------------------------------------------------+ | ??????????????????????# #????????????# #??????? | | ??????????????????????# #????????????# #??????? | | ??????????????????????# #????????????# #??????? | | ??????????????????????# #??########??# #??????? | | ??????????????????????# #??# """ #??# #??????? | | ??????????????????????# #??# "R" !#??# #??????? | | ????????????????####### #??# " " #??# #??????? | | ????????????????# # #??# #??# #??????? | | ????????????????# """ # #### #??# #??????? | | ????????????????# "T" # ## # #??# #??????? | | ????????????????# # ## # ###### ###????? | | ????????????????# # = #????? | | ????????????????# + = #????? | | ????????????????# # %! #????? | | ????????????????# """ # # ##########????? | | ????????????????# """ # ! #?????????????? | | ????????????????# """ # # #?????????????? | | ????????????????# # ##?????????????? | | ????????????????# % #??????????????? | | ????????????????##### =% ##??????????????? | | ???????????????????# = #???????????????? | | ?????????????? ??#;; [ ;;#####???????????????? | | ???????????????""" #; = ;#??????????????????? | | ???????????????""" ;#??????????????????? | | ???????????????""" ; ;#??????????????????? | | ????????????#! @%= ;#??????????????????? | | ????????????# [ ; ;#??????????????????? | | ?????????????##+###; ##??????????????????? | | ???????????????? ; #???????????????????? | | ????????????? ; #???????????????????? | | ???????????? a;; #???????????????????? | | ????????????###### ;;;;;;;;;##???????????????????? | | ?????????????????# ## ????????????????????? | | ?????????????????# ?# ????????????????????? | | ?????????????????#??# #???????????????????? | | ????????????????????# #???????????????????? | | ????????????????????######+###???????????????????? | | ?????????????????????????????????????????????????? | | ?????????????????????????????????????????????????? | | ?????????????????????????????????????????????????? | | ?????????????????????????????????????????????????? | | ?????????????????????????????????????????????????? | | ?????????????????????????????????????????????????? | | ?????????????????????????????????????????????????? | | ?????????????????????????????????????????????????? | | ?????????????????????????????????????????????????? | | ?????????????????????????????????????????????????? | | ?????????????????????????????????????????????????? | | ?????????????????????????????????????????????????? | | ?????????????????????????????????????????????????? | +----------------------------------------------------+ Best States ------------- Heat Dissipation 28 Energy Generation 15 Energy Capacity 400 Matter Stores 300 Matter Capacity 300 Sight Range 16 Terrain Scan Range 16 Terrain Scan Density 10 Evasion (%) 40 Item Schematics ----------------- None Robot Schematics ------------------ None Fabricated ------------ Nothing Alien Tech Used ----------------- None Achievements -------------- None Challenges ------------ None Game ------ Seed NetworkDecoyMace Manual? 0 Play Time 00:17:06 Cumulative 96.9 hours Start 2020.12.29 @ 10:49:51 End 2020.12.29 @ 11:06:25 Sessions 1 Manual Loads 0 Difficulty Rogue Special Mode None Game No. 166 Rogue 166 Adventurer 0 Explorer 0 Win Type - Total 0 Types 0/0/0/0/0/0/0/0/0 Lore% 22 Gallery% 28 Achievement% 29 Wizard Run 0 Options --------- ASCII 0 Keyboard 0 Movement Mouse Keybinds 0 Fullscreen 2 Font 18/X11 Map View 76x50 Tactical HUD 1 Map Filters NONE Filters LOW_CONTRAST(13,24,33)|BRIGHTNESS(120)|SATURATION(80) Steam 1 RUN: 0fa3959e-4310-47ac-b9ba-f537161a6d8d